 Dungeon Crawl Stone Soup version 0.27.0-1-g7a089689b8 (webtiles) character file.

Game seed: 5285204436527889325

21 inmateoo the Ruffian (level 2, 0/23 HPs)
             Began as a Draconian Transmuter on Aug 3, 2021.
             Succumbed to a kobold's poison
             ... on level 1 of the Dungeon.
             The game lasted 00:01:09 (763 turns).

inmateoo the Ruffian (Draconian Transmuter)          Turns: 763, Time: 00:01:09

Health: 0/23       AC:  4    Str: 12    XL:     2   Next: 62%
Magic:  4/5        EV: 12    Int: 13    God:
Gold:   80         SH:  0    Dex: 11    Spells: 2/5 levels left

rFire    . . .     SeeInvis .     - Unarmed
rCold    . . .     Faith    .   (no shield)
rNeg     . . .     Spirit   .   (armour unavailable)
rPois    .         Reflect  .   (helmet currently unavailable)
rElec    .         Harm     .   (no cloak)
rCorr    .         Rampage  .   (no gloves)
Will     .....                  (boots currently unavailable)
Stlth    +.........             (no amulet)
HPRegen  0.07/turn              (no ring)
MPRegen  0.09/turn              (no ring)

@: lethally poisoned (0 -> -7), appendages (expiring), flying, very slightly
contaminated, invisible
A: horns 2, talons 2, AC +4, unfitting armour, cold-blooded
a: End Transformation


You were on level 1 of the Dungeon.
You had temporarily grown beastly horns and talons.
You visited 1 branch of the dungeon, and saw 2 of its levels.

You collected 80 gold pieces.

Inventory:

Hand Weapons
 i - a +0 short sword of venom
Magical Staves
 e - a staff of earth
Scrolls
 b - a scroll of teleportation {unknown}
 c - a scroll of amnesia {unknown}
Potions
 d - a potion of flight
 f - a potion of attraction {unknown}
 g - a potion of degeneration {unknown}
 h - a potion of lignification {unknown}


   Skills:
 + Level 1.5 Fighting
 + Level 2.0 Dodging
 + Level 3.1 Unarmed Combat
 * Level 2.4 Spellcasting
 + Level 2.2 Transmutations


You had 2 spell levels left.
You knew the following spells:

 Your Spells              Type           Power      Damage    Failure   Level
a - Beastly Appendage     Tmut           14%        N/A       10%         1
b - Wereblood             Tmut           7%         N/A       16%         2

Your spell library contained the following spells:

 Spells                   Type           Power      Damage    Failure   Level
 Spider Form              Tmut/Pois      2%         N/A       43%         3
 Ice Form                 Ice/Tmut       4%         N/A       83%         4


Dungeon Overview and Level Annotations

Branches:
Dungeon (2/15)

Altars:


Innate Abilities, Weirdness & Mutations

You have temporarily grown beastly horns and talons.
Your plain brown scales are hard. (AC +4)
You cannot fit into any form of body armour.
You are cold-blooded and may be slowed by cold attacks.


Message History

A kobold is wielding a +0 short sword of venom.
The kobold shouts!
Found 10 gold pieces, a helmet and 13 arrows.
There is a stone staircase leading up here.
There is a stone staircase leading up here.
A bat comes into view.
The kobold barely misses you.
You climb upwards.
There is a stone staircase leading down here.
Casting: Beastly Appendage (safe; 10% risk of failure)
Confirm with . or Enter, or press ? or * to list all spells.
You grow a pair of large bovine horns.
Your feet morph into talons.
The kobold hits you with a +0 short sword of venom.
You are poisoned.
You hit the kobold. Your kick misses the kobold.
Your headbutt misses the kobold.
The kobold is moderately wounded.
You feel very sick.
The kobold hits you with a +0 short sword of venom.
You are lethally poisoned!
Okay, then.
You hit the kobold but do no damage. You claw the kobold.
You kill the kobold!
You feel very sick.
* * * LOW HITPOINT WARNING * * *
You feel very sick.
You see here a +0 short sword of venom.
i - a +0 short sword of venom
* * * LOW HITPOINT WARNING * * *
You feel sick.
It was a potion of invisibility.
You fade into invisibility!
* * * LOW HITPOINT WARNING * * *
You feel sick.
You are very lightly contaminated with residual magic.
It was a potion of flight.
You feel very buoyant.
You fly up into the air.
Your transformation is almost over.
You die...

....# #........#
....########.#.#.#
....'..........#.#
...†########.#.#.#
....#.....#..#.#.#
....#.###.#..#.#.#
....#.#...#....#.#
....#.#.###.#..#.#
....#.#...#.#..#@#
....#.###.#.#.>#.#
....#.....#......#
#####.##..########
########.........#
.........#######.#
.†#.........#..#.#
..#.........##.#.##
..#...............#


There were no monsters in sight!

Vanquished Creatures
  A dart slug (D:1)
  2 endoplasms (D:1)
  A goblin (D:1)
  2 hobgoblins (D:1)
  A jackal (D:1)
  2 quokkas (D:1)
  2 ball pythons (D:1)
  A bat (D:1)
  2 frilled lizards (D:1)
  A kobold (D:1)
  3 rats (D:1)
18 creatures vanquished.

Notes
Turn   | Place    | Note
-------+----------+-------------------------------------------
     0 | D:1      | inmateoo the Draconian Transmuter began the quest for the
                  | Orb.
     0 | D:1      | Reached XP level 1. HP: 16/16 MP: 3/3
   204 | D:1      | Reached XP level 2. HP: 7/23 MP: 3/5
   431 | D:1      | Learned a level 2 spell: Wereblood
   762 | D:1      | HP: 1/23 [poisoned by a kobold]
   763 | D:1      | Succumbed to a kobold's poison

Illustrated notes

Levels and vault maps discovered:
D:1:      wander_arrival_peaceful_grave, layout_basic,
          amcnicky_mini_rare_corridor_liquid, minmay_nonomino_d4
D:2:      layout_rooms, hellmonk_ecumenical_altar_crossroads,
          grunt_ministairs_3, uniq_crazy_yiuf_cottage

Skill      XL: |  1  2 |
---------------+-------+-----
Dodging        | 2 |  2.0
Fighting       | |  1.5
Unarmed Combat | |  3.1
Spellcasting   | |  2.4
Transmutations | |  2.2

Action                   || total
-------------------------++-------
Melee: Unarmed           ||    49
       Kick              ||     7
       Tailslap          ||     5
       Headbutt          ||     1
       Punch             ||     1
 Cast: Beastly Appendage ||     6
  Use: Potion            ||     2
 Stab: Sleeping          ||     2
Armor: Skin              ||    13
Dodge: Dodged            ||    27
